 Dungeon Crawl Stone Soup version 0.32-a0-999-gfa1cc04b1d (webtiles) character file.

Game seed: 1607466940364845191

107 wilfster70 the Trooper (level 4, -1/41 HPs)
             Began as a Minotaur Fighter on Apr 25, 2024.
             Was an Initiate of Okawaru.
             Slain by Grinder (2 damage)
             ... while paralysed by Grinder
             ... on level 4 of the Dungeon.
             The game lasted 00:06:05 (2142 turns).

wilfster70 the Trooper (Minotaur Fighter)           Turns: 2142, Time: 00:06:05

Health: -1/41      AC:  8    Str: 22    XL:     4   Next: 56%
Magic:  3/3        EV:  2    Int:  5    God:    Okawaru [......]
Gold:   200        SH:  0    Dex: 10    Spells: 3/3 levels left

rFire   . . .        a - +1 war axe
rCold   . . .        c - +0 buckler
rNeg    . . .        f - +0 scale mail
rPois   .            (helmet restricted)
rElec   .            g - +0 cloak
rCorr   .            (no gloves)
SInv    .            (no boots)
Will    .....        (no amulet) Stlth
                     (no ring)
HPRegen 0.26/turn    (no ring)
MPRegen 0.08/turn

%: no passive effects
@: paralysed
A: horns 2, retaliatory headbutt
a: Renounce Religion


You were on level 4 of the Dungeon.
You worshipped Okawaru.
Okawaru was noncommittal.
You visited 1 branch of the dungeon, and saw 4 of its levels.

You collected 200 gold pieces.

Inventory:

Hand Weapons
 a - a +1 war axe (weapon)
 b - a +0 morningstar
Missiles
 j - 5 poisoned darts (quivered)
Armour
 c - a +0 buckler (worn)
 f - a +0 scale mail (worn)
 g - a +0 cloak (worn)
Scrolls
 e - a scroll of teleportation
 k - a scroll of fear
 l - 3 scrolls of blinking
 r - a scroll of identify
Potions
 d - 2 potions of might
 h - 2 potions of curing
 i - a potion of haste


   Skills:
 + Level 4.7 Fighting
 - Level 2.4(3.6) Axes
 * Level 4.1(4.5) Maces & Flails
 - Level 3.6 Armour
 - Level 3.6 Shields


You had 3 spell levels left.
You didn't know any spells.
Your spell library was empty.

Dungeon Overview and Level Annotations

Branches:
Dungeon (4/15)
 Temple: D:4-7

Altars:
Okawaru

Annotations:
D:4 Grinder


Innate Abilities, Weirdness & Mutations

You have a pair of horns on your head.
You reflexively headbutt those who attack you in melee.


Message History

The kobold attacks as it pursues you! The kobold hits you but does no damage.
The kobold attacks as it pursues you! The kobold hits you but does no damage.
There is a stone staircase leading down here.
The kobold attacks as it pursues you! The kobold hits you but does no damage.
The kobold attacks as it pursues you!
The kobold hits you with a +0 short sword.
You barely miss the kobold. The kobold hits you but does no damage.
You closely miss the kobold. The kobold hits you but does no damage.
The kobold barely misses you.
You hit the kobold.
You kill the kobold!
Okawaru accepts your kill.
Grinder says, "You look like you could use a good racking."
You completely miss Grinder.
Grinder blinks!
Things that are here:
a +0 short sword; a kobold corpse You hit Grinder.
You headbutt Grinder.
Grinder is lightly wounded.
Grinder hits you.
You writhe in agony.
You barely miss Grinder. You headbutt Grinder!
Grinder is heavily wounded.
Grinder hits you but does no damage.
You completely miss Grinder.
Grinder is heavily wounded.
Grinder gestures at you. Pain shoots through your body!
Grinder blinks!
Grinder gestures at you. You resist with significant effort.
Things that are here:
a +0 short sword; a kobold corpse Grinder gestures at you.
You suddenly lose the ability to move!
Grinder hits you.
You writhe in agony.
Grinder hits you.
You writhe in agony.
* * * LOW HITPOINT WARNING * * *
Grinder hits you!
* * * LOW HITPOINT WARNING * * *
You writhe in agony.
You die...
Grinder sighs, "Dead already?
I want a refund."

..... #. ..... #.#
.....# #.# ....>. ...
..5.# #.# ... #.# #.##
#.############## #..###
#.5@...........#
##...###.########.###.#
###..>..# #...#.#
###.#.# #.#.#.# #.#.#
#.....# #.#.# ###.###
#.#.# #.# #.#.# #.#
#.#.#### #.#


You could see Grinder.

Vanquished Creatures
  4 adders
  2 dart slugs (D:2)
  2 ribbon worms (D:2)
  2 orcs (D:3)
  6 endoplasms
  4 giant cockroaches
  5 goblins
  4 hobgoblins
  5 kobolds
  5 quokkas
  6 ball pythons
  5 bats
  6 frilled lizards
  4 rats (D:1)
60 creatures vanquished.

Notes
Turn   | Place    | Note
-------+----------+-------------------------------------------
     0 | D:1      | wilfster70 the Minotaur Fighter began the quest for the
                  | Orb.
     0 | D:1      | Reached XP level 1. HP: 19/19 MP: 0/0
   160 | D:1      | Reached skill level 1 in Maces & Flails
   185 | D:1      | Reached XP level 2. HP: 27/27 MP: 1/1
   825 | D:1      | Reached XP level 3. HP: 33/33 MP: 2/2
   898 | D:2      | Found a faded altar of an unknown god.
   926 | D:2      | Found an iron altar of Okawaru.
   955 | D:2      | Became a worshipper of Warmaster Okawaru
  1041 | D:2      | Reached XP level 4. HP: 36/41 MP: 3/3
  2115 | D:4      | Noticed Grinder
  2115 | D:4      | Paralysed by Grinder for 2 turns
  2139 | D:4      | Paralysed by Grinder for 5 turns
  2142 | D:4      | HP: 1/41 [Grinder (8)]
  2142 | D:4      | Slain by Grinder

Illustrated notes

Levels and vault maps discovered:
D:1:      tarquinn_simple_flora_water_e, layout_loops_corners
D:2:      layout_loops_ring, shapermc_ecumenical_altar_gd, basic_altar,
          minmay_misc_feat_tiny, kennysheep_nondescript, minmay_split_cup_small
D:3:      layout_basic
D:4:      layout_basic, nicolae_overflow_hidden_temple, serial_bayou,
          serial_bayou_pond_c, serial_bayou_lake_a, uniq_grinder

Skill      XL: |  1  2  3  4 |
---------------+-------------+-----
Maces & Flails | 1 2 3 4 |  4.1
Fighting       | 4 |  4.7
Axes           | |  2.4
Armour         | |  3.6
Shields        | |  3.6

Action                     |  1- 3 |  4- 6 || total
---------------------------+-------+-------++-------
  Melee: War axe           |    85 |    46 ||   131
         Headbutt          |     5 |    12 ||    17
    Use: Scroll            |     4 |     3 ||     7
 Armour: Scale mail        |    82 |    38 ||   120
  Dodge: Dodged            |    46 |    16 ||    62
  Block: Buckler           |    22 |     8 ||    30

Table legend: (Time is in decaauts)
 A = Elapsed time spent in this place.
 B = Non-inter-level travel time spent in this place.
 C = Inter-level travel time spent in this place.
 D = Time resting spent in this place.
 E = Time spent auto-exploring this place.
 F = Levels seen in this place.
 G = Mean time per level.
                   A        B        C        D        E       F      G
               +--------+--------+--------+--------+--------+-----+--------+
         Total |   2190 |   2145 |     45 |     91 |   1217 |   4 |  547.5 |
       Dungeon |   2190 |   2145 |     45 |     91 |   1217 |   4 |  547.5 |
               +--------+--------+--------+--------+--------+-----+--------+

Top non-repeatable levels by time:
     D:1: 846 daAuts
     D:2: 669 daAuts
     D:3: 586 daAuts
     D:4: 88 daAuts
